 Dungeon Crawl Stone Soup version 0.19-b1-3-g7dea586 (webtiles) character file.

4053 dorian the Basher (level 10, -2/102 HPs)
             Began as an Ogre Hunter on Oct 28, 2016.
             Was a Follower of Trog.
             Slain by a hornet (13 damage)
             ... while paralysed by a hornet
             ... on level 8 of the Dungeon.
             The game lasted 00:18:30 (6899 turns).

dorian the Basher (Ogre Hunter)                     Turns: 6899, Time: 00:18:31

Health: -2/102     AC:  6    Str: 22    XL:     10   Next: 24%
Magic:  10/10      EV:  1    Int: 10    God:    Trog [*.....]
Gold:   362        SH:  0    Dex: 12    Spells: 0 memorised, 9 levels left

rFire  . . .     SeeInvis .     S - +11 rapier "Womehooz" {flame, Dex+2}
rCold  . . .     Gourm    .     b - +0 robe
rNeg   + . .     Faith    .     (no shield)
rPois  .         Spirit   .     (helmet restricted)
rElec  .         Reflect  .     N - +2 cloak
rCorr  .         Harm     +     (gloves unavailable)
MR     +....                    (boots unavailable)
Stlth  +.........               k - amulet of harm
                                (no ring)
                                P - ring of positive energy

@: paralysed, lethally poisoned (-2 -> -4), slowed
A: unfitting armour, claws 1, horns 1, tough skin 1
a: Berserk, Burn Spellbooks, Renounce Religion


You were on level 8 of the Dungeon.
You worshipped Trog.
Trog was aware of your devotion.
You were not hungry.

You visited 2 branches of the dungeon, and saw 9 of its levels.
You also visited: Sewer.

You collected 499 gold pieces.
You spent 137 gold pieces at shops.

Inventory:

Hand Weapons
 a - a +0 giant spiked club
 n - a +0 short sword of freezing
 z - a +2 whip of draining
 L - a +1 flail of protection
 S - the +11 rapier "Womehooz" (weapon) {flame, Dex+2}
   (You found it on level 8 of the Dungeon)

   It has been specially enchanted to burn those struck by it, causing extra
   injury to most foes and up to half again as much damage against particularly
   susceptible opponents.
   It affects your dexterity (+2).
 U - a +0 flail of draining
Missiles
 G - 3 throwing nets (quivered)
Armour
 b - a +0 robe (worn)
 e - a +0 cloak
 N - a +2 cloak (worn)
Jewellery
 k - an amulet of harm (around neck)
 P - a ring of positive energy (left claw)
Wands
 d - a wand of iceblast (3/15)
 w - a wand of slowing (3/48)
 K - a wand of polymorph (12/24)
 Q - a wand of acid (1/15)
 V - a wand of acid (7/15)
Scrolls
 h - 2 scrolls of enchant armour
 i - 10 scrolls of identify
 j - 5 scrolls of teleportation
 m - 8 scrolls of remove curse {unknown}
 p - 3 scrolls of amnesia {unknown}
 s - 5 scrolls of magic mapping {unknown}
 t - a scroll of enchant weapon {unknown}
 u - a scroll of immolation {unknown}
 v - 3 scrolls of recharging {unknown}
 y - a scroll of fear {unknown}
 B - a scroll of fog {unknown}
 C - a scroll of noise {unknown}
 I - a scroll of random uselessness {unknown}
 J - 3 scrolls of blinking {unknown}
Potions
 g - a potion of mutation {unknown}
 l - a potion of lignification {unknown}
 o - a potion of heal wounds
 r - a potion of degeneration {unknown}
 x - 2 potions of might {unknown}
 A - 4 potions of agility {unknown}
 D - 2 potions of curing {unknown}
 E - 4 potions of haste {unknown}
 F - 2 potions of berserk rage {unknown}
 M - a potion of experience {unknown}
 O - a potion of brilliance {unknown}
 W - 2 potions of cancellation {unknown}
Comestibles
 c - 4 chunks of flesh
 f - 8 bread rations
 q - 4 meat rations
 H - 8 fruits
 R - 5 beef jerkies


   Skills:
 - Level 7.1 Fighting
 * Level 12.9 Maces & Flails
 + Level 9.7 Throwing
 - Level 1.7 Dodging
 - Level 0.6 Stealth


You had 9 spell levels left.
You didn't know any spells.

Dungeon Overview and Level Annotations

Branches:
Dungeon (8/15)             Temple (1/1) D:4            Lair (0/6) D:8

Altars:
Cheibriados
Elyvilon
Fedhas
Gozag
Hepliaklqana
Kikubaaqudgha
Okawaru
Qazlal
Ru
Sif Muna
Trog
Uskayaw
Xom
Yredelemnul
The Shining One

Shops:
D:5 ?


Innate Abilities, Weirdness & Mutations

You are too large for most types of armour.
You have tough skin. (AC +1)
You have sharp fingernails.
You have a pair of small horns on your head.


Message History

You barely miss the hornet.
You feel sick. The hornet stings you.
You feel as though you will be slow longer.
The hornet stings you but does no damage.
The hornet stings you!
You feel as though you will be slow longer.
You hit the hornet. You burn the hornet. Your headbutt misses the hornet.
The hornet is moderately wounded.
You feel sick. The hornet closely misses you. The hornet stings you.
You suddenly lose the ability to move!
The orc hits you with a club. The hornet stings you!
You feel as though you will be slow longer.
You feel sick. The hornet stings you.
* * * LOW HITPOINT WARNING * * *
You feel as though you will be slow longer.
The orc hits you but does no damage.
You feel sick. The hornet stings you!
* * * LOW HITPOINT WARNING * * *
You feel as though you will be slow longer.
The orc hits you but does no damage. The hornet stings you!
You die...

..........##.##.#...#...
.##.>.....#...#.........
................#...#...
P.........#........##..#
♣(.o......##.#.........#
≈≈.(.##.#.........#.##.#
PP.........##........#..
.....##.##.#...#.......#
......y@!........#...#.#
......o....#...#.##.##.#
...........##.##........
#...................)##.
#.#..####...........###.
# #.. #...........####
#. #...........#P♣. ..
#.#..........≈≈.
...+..........♣≈.


You could see a hornet and an orc.

Vanquished Creatures
  The ghost of
  1994 the Slasher, a novice DDFi of Elyvilon (D:8)
  The ghost of Inkary the Basher, a novice GrFi of Okawaru (D:5)
  Grinder (D:4)
  A two-headed ogre (D:5)
  A hippogriff (D:7)
  A wyvern (D:6)
  The ghost of
  1994 the Digger, an amateur GrEE (D:3)
  Edmund (D:5)
  A water moccasin (D:6)
  2 orc warriors
  A sky beast (D:5)
  2 ice beasts
  A phantom (D:6)
  3 ogres
  2 centaurs
  A crocodile (Sewer)
  Blork the orc (D:4)
  4 bullfrogs
  A water moccasin skeleton (D:5)
  A scorpion (D:7)
  3 killer bees (D:7)
  2 crimson imps (D:5)
  A centaur skeleton (D:4)
  3 hounds
  A jelly (D:7)
  3 bullfrog skeletons (D:7)
  2 orc priests
  Crazy Yiuf (D:6)
  An orc wizard (D:5)
  4 worker ants
  3 gnolls (D:4)
  8 adders
  A worm (D:5)
  2 dart slugs
  4 leopard geckos
  9 orcs
  7 bats
  2 giant cockroaches
  7 goblins
  5 hobgoblins
  6 jackals
  4 kobolds
  A quokka (D:2)
  3 ball pythons
  9 frilled lizards
  A jackal skeleton (D:6)
  A leopard gecko zombie (D:6)
  A quokka skeleton (D:4)
  9 rats
132 creatures vanquished.

Notes
Turn   | Place    | Note
-------+----------+-------------------------------------------
     0 | D:1      | dorian the Ogre Hunter began the quest for the Orb.
     0 | D:1      | Reached XP level 1. HP: 22/22 MP: 1/1
   120 | D:1      | Reached XP level 2. HP: 20/31 MP: 2/2
   707 | D:2      | Reached XP level 3. HP: 37/37 MP: 3/3
  1225 | D:2      | Reached XP level 4. HP: 44/48 MP: 4/4
  1647 | D:3      | Reached skill level 5 in Throwing
  1926 | D:3      | Noticed 1994's ghost (amateur GrEE)
  1931 | D:3      | Killed 1994's ghost
  1931 | D:3      | Reached XP level 5. HP: 49/59 MP: 5/5
  1931 | D:3      | Reached XP level 6. HP: 56/67 MP: 6/6
  1982 | D:3      | Found a sacrificial altar of Ru.
  2290 | D:3      | Found a snail-covered altar of Cheibriados.
  2290 | D:3      | Found a hide-covered altar of Uskayaw.
  2399 | D:4      | Noticed Grinder
  2403 | D:4      | Killed Grinder
  2403 | D:4      | Reached XP level 7. HP: 78/78 MP: 7/7
  2483 | D:4      | Reached skill level 1 in Maces & Flails
  2517 | D:4      | Noticed Blork the orc
  2518 | D:4      | Killed Blork the orc
  2518 | D:4      | Reached skill level 2 in Maces & Flails
  2588 | D:4      | Found a staircase to the Ecumenical Temple.
  2600 | D:4      | Found a glowing drain.
  2610 | Sewer    | Entered a sewer
  2656 | Sewer    | Reached skill level 3 in Maces & Flails
  2897 | Temple   | Entered the Ecumenical Temple
  2940 | Temple   | Became a worshipper of Trog the Wrathful
  3113 | D:5      | Entered Level 5 of the Dungeon
  3151 | D:5      | Reached skill level 4 in Maces & Flails
  3160 | D:5      | Reached XP level 8. HP: 62/87 MP: 8/8
  3295 | D:5      | Noticed a two-headed ogre
  3295 | D:5      | Killed a two-headed ogre
  3295 | D:5      | Reached skill level 6 in Maces & Flails
  3480 | D:5      | Noticed Inkary's ghost (novice GrFi)
  3673 | D:5      | Reached skill level 7 in Maces & Flails
  3850 | D:5      | Found Ragaari's Magic Scroll Emporium.
  3859 | D:5      | Bought a scroll of teleportation for 33 gold pieces
  3859 | D:5      | Bought a scroll of identify for 22 gold pieces
  3859 | D:5      | Bought a scroll of enchant armour for 82 gold pieces
  3875 | D:5      | You fall through a shaft for 2 floors!
  4135 | D:6      | Reached skill level 8 in Maces & Flails
  4339 | D:6      | Noticed a wyvern
  4363 | D:6      | Killed a wyvern
  4363 | D:6      | Reached skill level 9 in Maces & Flails
  4363 | D:6      | Reached XP level 9. HP: 36/93 MP: 9/9
  4597 | D:6      | Found a hazy altar of Hepliaklqana.
  4770 | D:5      | Killed Inkary's ghost
  4770 | D:5      | Reached skill level 10 in Maces & Flails
  4793 | D:5      | Noticed Edmund
  4795 | D:5      | Killed Edmund
  4948 | D:5      | Gained mutation: You have sharp fingernails. [mutagenic meat]
  4949 | D:5      | Gained mutation: You have a pair of small horns on your head. [mutagenic meat]
  5245 | D:6      | Found a runed door.
  5380 | D:6      | Reached * piety under Trog
  5510 | D:6      | Noticed Crazy Yiuf
  5516 | D:6      | Killed Crazy Yiuf
  5710 | D:7      | Reached skill level 11 in Maces & Flails
  6292 | D:7      | Reached skill level 12 in Maces & Flails
  6350 | D:7      | Reached XP level 10. HP: 90/102 MP: 10/10
  6497 | D:8      | Found a staircase to the Lair.
  6504 | D:8      | Noticed 1994's ghost (novice DDFi)
  6746 | D:8      | Found a stormy altar of Qazlal.
  6774 | D:8      | Got an ebony rapier
  6808 | D:8      | Identified the +11 rapier "Womehooz" {flame, Dex+2} (You found it on level 8 of the Dungeon)
  6826 | D:8      | Found a glowing golden altar of the Shining One.
  6892 | D:8      | Killed 1994's ghost
  6897 | D:8      | Paralysed by a hornet for 3 turns
  6899 | D:8      | Slain by a hornet

Skill      XL: |  1  2  3  4  5  6  7  8  9 |
---------------+----------------------------+-----
Fighting       | 3 4 6 7 |  7.1
Throwing       | 5 6 7 8 9 |  9.7
Maces & Flails | 4 9 12 | 12.9
Dodging        | |  1.7
Stealth        | |  0.6

Action                   |  1- 3 |  4- 6 |  7- 9 | 10-12 || total
-------------------------+-------+-------+-------+-------++-------
Melee: Short sword       |    93 |    39 |       |       ||   132
       Whip              |       |    15 |   152 |       ||   167
       Flail             |       |       |   115 |    12 ||   127
       Headbutt          |       |       |    20 |     4 ||    24
       Giant spiked club |       |       |     3 |       ||     3
       Rapier            |       |       |       |     9 ||     9
Throw: Large rock        |     3 |     9 |    22 |     4 ||    38
       Throwing net      |       |       |     2 |       ||     2
Evoke: Wand              |       |       |     6 |     6 ||    12
  Use: Potion            |       |       |     2 |       ||     2
       Scroll            |       |       |       |     1 ||     1
 Stab: Sleeping          |     1 |     1 |       |     1 ||     3
       Distracted        |     1 |       |       |       ||     1
  Eat: Chunk             |     1 |     3 |    12 |     1 ||    17
       Beef jerky        |       |       |     2 |     1 ||     3
Armor: Robe              |    29 |    17 |    98 |     7 ||   151
Dodge: Dodged            |    42 |    22 |   120 |     8 ||   192
